 Dungeon Crawl Stone Soup version 0.26.1-11-gd32895ea62 (webtiles) character file.

Game seed: 15498206035578574351

99 vvl the Ruffian (level 4, 0/37 HPs)
             Began as a Draconian Transmuter on July 8, 2021.
             Slain by a goblin
             ... wielding a +2 dagger of flaming
             ... led by Robin
              (6 damage)
             ... on level 2 of the Dungeon.
             The game lasted 00:03:39 (1594 turns).

vvl the Ruffian (Draconian Transmuter)              Turns: 1594, Time: 00:03:39

Health: 0/37       AC:  8    Str: 13    XL:     4   Next: 45%
Magic:  7/7        EV: 12    Int: 14    God:
Gold:   22         SH:  0    Dex: 11    Spells: 6/7 levels left

rFire    . . .     SeeInvis .   c - +3 whip
rCold    . . .     Faith    .   (no shield)
rNeg     . . .     Spirit   .   (armour unavailable)
rPois    .         Reflect  .   (helmet currently unavailable)
rElec    .         Harm     .   a - +2 cloak
rCorr    .         Rampage  .   (no gloves)
Will     +....                  (boots currently unavailable)
Stlth    +.........             (no amulet)
HPRegen  0.12/turn              b - ring of willpower
MPRegen  0.10/turn              (no ring)

@: appendages
A: unfitting armour, horns 2, talons 2, cold-blooded, AC +5
a: End Transformation


You were on level 2 of the Dungeon.
You had grown temporary horns.
You had grown temporary talons.
You visited 1 branch of the dungeon, and saw 2 of its levels.

You collected 22 gold pieces.

Inventory:

Hand Weapons
 c - a +3 whip (weapon)
Armour
 a - a +2 cloak (worn)
Jewellery
 b - a ring of willpower (left hand)
Scrolls
 e - 5 scrolls of identify {unknown}
 f - a scroll of fear {unknown}
 g - a scroll of blinking {unknown}
Potions
 d - a potion of curing {unknown}


   Skills:
 + Level 2.5 Fighting
 - Level 1.7 Dodging
 + Level 3.6 Unarmed Combat
 - Level 2.0 Spellcasting
 * Level 3.6 Transmutations


You had 6 spell levels left.
You knew the following spells:

 Your Spells              Type           Power        Failure   Level
a - Beastly Appendage     Tmut           22%          5%          1

Your spell library contained the following spells:

 Spells                   Type           Power        Failure   Level
 Wereblood                Tmut           11%          9%          2
 Spider Form              Tmut/Pois      3%           34%         3
 Ice Form                 Ice/Tmut       6%           75%         4
 Blade Hands              Tmut           5%           83%         5


Dungeon Overview and Level Annotations

Branches:
Dungeon (2/15)

Altars:


Innate Abilities, Weirdness & Mutations

Your plain brown scales are hard. (AC +5)
You cannot fit into any form of body armour.
You are cold-blooded and may be slowed by cold attacks.
You have a pair of horns on your head.
You have razor-sharp toenails.


Message History

You kill Robin!
The goblin closely misses you. The hobgoblin hits you.
You hit the hobgoblin.
You kill the hobgoblin!
The goblin hits you but does no damage.
You miss the goblin. The goblin barely misses you.
The goblin hits you with a +2 dagger of flaming!
The goblin burns you.
* * * LOW HITPOINT WARNING * * *
The goblin barely misses you.
You whack the goblin!
You kill the goblin!
The goblin hits you with a +2 dagger of flaming.
* * * LOW HITPOINT WARNING * * *
The goblin burns you.
* * * LOW HITPOINT WARNING * * *
You closely miss the goblin. The goblin hits you with a +0 dagger.
* * * LOW HITPOINT WARNING * * *
The goblin hits you with a +2 dagger of flaming.
You die...

......gg..# ..#.# #≈
........g.# #.#.# #≈
......g(..# #.#.# #≈
.........g#+####.#.####
##
......####............#
# ...... #............#
..... #........<...#
.....
####)####.........#
.... #.@gg# #########.#
.... #g#### #. #. #. #.
##


You could see a hobgoblin (strong) and 2 goblins.

Vanquished Creatures
  Robin (D:2)
  A gnoll (D:1)
  2 adders (D:2)
  4 dart slugs
  An orc (D:2)
  4 bats
  2 giant cockroaches (D:1)
  12 goblins
  9 hobgoblins
  3 jackals (D:1)
  A quokka (D:2)
  2 frilled lizards (D:2)
  2 kobolds (D:1)
  3 rats
47 creatures vanquished.

Notes
Turn   | Place    | Note
-------+----------+-------------------------------------------
     0 | D:1      | vvl the Draconian Transmuter began the quest for the Orb.
     0 | D:1      | Reached XP level 1. HP: 16/16 MP: 3/3
   165 | D:1      | You fall into a shaft and drop 1 floor!
   170 | D:2      | Reached XP level 2. HP: 7/23 MP: 5/5
   470 | D:2      | Reached XP level 3. HP: 19/29 MP: 6/6
  1536 | D:2      | Reached XP level 4. HP: 37/37 MP: 5/7
  1558 | D:2      | Noticed Robin
  1590 | D:2      | Killed Robin
  1594 | D:2      | Slain by a goblin

Illustrated notes

Levels and vault maps discovered:
D:1:      nicolae_arrival_memento_mori, layout_basic
D:2:      cheibrodos_helix_gallery, layout_basic, uniq_sigmund, uniq_robin

Skill      XL: |  1  2  3 |
---------------+----------+-----
Fighting       | 2 |  2.5
Transmutations | 3 |  3.6
Dodging        | |  1.7
Unarmed Combat | |  3.6
Spellcasting   | |  2.0

Action                   |  1- 3 |  4- 6 || total
-------------------------+-------+-------++-------
Melee: Whip              |   121 |    25 ||   146
       Unarmed           |     6 |       ||     6
       Tailslap          |     8 |       ||     8
       Kick              |     2 |     5 ||     7
       Headbutt          |     2 |     3 ||     5
       Punch             |     2 |     1 ||     3
 Cast: Beastly Appendage |     3 |     2 ||     5
Armor: Skin              |    78 |    16 ||    94
Dodge: Dodged            |   131 |    21 ||   152
